 Dungeon Crawl Stone Soup version 0.29-a0-22-gbf593b16ee (webtiles) character file.

Game seed: 8603816284378525209

154 meatgazer the Skirmisher (level 5, -1/42 HPs)
             Began as a Demonspawn Abyssal Knight on Jan 29, 2022.
             Was a Follower of Lugonu.
             Slain by an orc (4 damage)
             ... on level 3 of the Dungeon.
             The game lasted 00:04:45 (3253 turns).

meatgazer the Skirmisher (DsAK)                     Turns: 3253, Time: 00:04:45

Health: -1/42      AC:  4    Str: 15    XL:     5   Next: 13%
Magic:  7/7        EV: 11    Int: 12    God:    Lugonu [*.....]
Gold:   61         SH:  0    Dex: 13    Spells: 4/4 levels left

rFire   . . .      SeeInvis .   a - +1 falchion
rCold   . . .      Faith    .   (no shield)
rNeg    . . .      Spirit   .   b - +0 leather armour
rPois   .          Reflect  .   g - +0 helmet
rElec   .          Harm     .   (no cloak)
rCorr   .          Rampage  .   (no gloves)
Will    .....                   (no boots)
Stlth   ++........              (no amulet)
HPRegen 0.14/turn               (no ring)
MPRegen 0.20/turn               (no ring)

@: no status effects
A: hooves 1, magic regeneration, sturdy frame 1
a: Renounce Religion, Depart the Abyss


You were on level 3 of the Dungeon.
You worshipped Lugonu.
Lugonu was aware of your devotion.
You visited 1 branch of the dungeon, and saw 3 of its levels.
You visited the Abyss 1 time.

You collected 117 gold pieces.
You spent 56 gold pieces at shops.

Inventory:

Hand Weapons
 a - a +1 falchion (weapon)
Missiles
 e - an atropa-tipped dart (quivered)
Armour
 b - a +0 leather armour (worn)
 d - a +0 plate armour
 g - a +0 helmet (worn)
Wands
 i - a wand of iceblast (10)
Scrolls
 c - 3 scrolls of identify
 f - a scroll of magic mapping
Potions
 h - a potion of might {unknown}
 j - a potion of degeneration {unknown}


   Skills:
 * Level 4.2 Fighting
 * Level 3.4 Long Blades
 - Level 1.0 Throwing
 - Level 1.7 Armour
 - Level 0.8 Dodging
 - Level 0.9 Stealth
 + Level 0.0 Spellcasting
 * Level 2.9 Invocations


You had 4 spell levels left.
You didn't know any spells.
Your spell library contained the following spells:

 Spells                   Type           Power      Damage    Failure   Level
 Beastly Appendage        Tmut           0%         N/A       34%         1
 Wereblood                Tmut           0%         N/A       45%         2
 Spider Form              Tmut/Pois      0%         N/A       71%         3
 Leda's Liquefaction      Hex/Erth       0%         N/A       98%         4
 Iron Shot                Conj/Erth      0%         9d1       100%        6
 Lehudib's Crystal Spear  Conj/Erth      0%         10d2      100%        8


Dungeon Overview and Level Annotations

Branches:
Dungeon (3/15)

Altars:

Shops:
D:2 ?


Innate Abilities, Weirdness & Mutations

You have large cloven feet.
You regenerate magic rapidly.
Your movements are slightly less encumbered by armour. (ER -2)


Message History

The orc hits you but does no damage. The orc closely misses you.
The orc barely misses you. The orc hits you with a +0 club.
The orc barely misses you.
The orc hits you from afar with a +0 trident.
You hit the orc. You kick the orc, but do no damage.
The orc is severely wounded.
The orc hits you with a +0 trident. The orc hits you but does no damage.
The orc hits you with a +0 club.
The orc hits you from afar with a +0 trident.
The orc hits you with a +0 short sword.
You are too injured to fight recklessly!
You are too injured to fight recklessly!
You are too injured to fight recklessly!
You are too injured to fight recklessly!
You are too injured to fight recklessly!
You are too injured to fight recklessly!
You are too injured to fight recklessly!
You are too injured to fight recklessly!
You are too injured to fight recklessly!
You are too injured to fight recklessly!
You are too injured to fight recklessly!
You are too injured to fight recklessly!
You are too injured to fight recklessly!
You are too injured to fight recklessly!
You are too injured to fight recklessly!
The orc hits you from afar with a +0 trident.
* * * LOW HITPOINT WARNING * * *
The orc hits you with a +0 short sword.
* * * LOW HITPOINT WARNING * * *
You closely miss the orc. Your kick misses the orc.
The orc hits you with a +0 dagger.
* * * LOW HITPOINT WARNING * * *
You slash the orc!
You kill the orc!
Lugonu accepts your kill. The orc closely misses you.
You hit the orc.
The orc is heavily wounded.
The orc hits you from afar with a +0 trident.
You die...

#. #..[....#
.##.......#
.#.......# ##
........# #..
.......# #..#
##......# ...#
##.o.....#
...###ooo....##
#.#.#@###.##>#
#.#..### ..# #
#......##.#..
###.##...###..
#####.......# ..#
..#####.........##.#
.#
#.......#####......#
..####..#### .#.##.
#.......# .#...


You could see 4 orcs.

Vanquished Creatures
  Terence (D:2)
  Natasha (thrice) (D:2)
  A dart slug (D:1)
  2 orcs (D:3)
  6 ball pythons
  3 bats
  5 endoplasms
  2 giant cockroaches (D:2)
  3 goblins
  8 hobgoblins
  7 kobolds
  2 quokkas
  2 frilled lizards (D:1)
  3 rats
48 creatures vanquished.

Notes
Turn   | Place    | Note
-------+----------+-------------------------------------------
     0 | Abyss:1  | meatgazer the Demonspawn Abyssal Knight began the quest for
                  | the Orb.
     0 | Abyss:1  | Reached XP level 1. HP: 18/18 MP: 2/2
     0 | D:1      | Escaped the Abyss
   489 | D:1      | Gained mutation: Your movements are slightly less
                  | encumbered by armour. (ER -2) [demonic ancestry]
   489 | D:1      | Reached XP level 2. HP: 15/24 MP: 3/3
   803 | D:1      | Reached * piety under Lugonu
   983 | D:1      | Reached XP level 3. HP: 27/30 MP: 4/4
  1178 | D:1      | Got the Disquisition on Clay
  1376 | D:2      | Noticed Natasha
  1383 | D:2      | Killed Natasha
  1665 | D:2      | Gained mutation: You have large cloven feet. [demonic
                  | ancestry]
  1665 | D:2      | Reached XP level 4. HP: 35/37 MP: 5/5
  1687 | D:2      | Found a faded altar of an unknown god.
  1687 | D:2      | Noticed a golden eye
  1691 | D:2      | Noticed a shining eye
  1694 | D:2      | Noticed a shining eye
  1694 | D:2      | Noticed an eye of devastation
  1754 | D:2      | Noticed Natasha
  1764 | D:2      | Killed Natasha
  1925 | D:2      | Noticed Natasha
  2049 | D:2      | Killed Natasha
  2050 | D:2      | Reached skill level 4 in Fighting
  2050 | D:2      | Reached skill level 1 in Throwing
  2212 | D:2      | Found Agipur Nuole's Magic Scroll Shop.
  2220 | D:2      | Bought a scroll of identify for 28 gold pieces
  2220 | D:2      | Bought a scroll of identify for 28 gold pieces
  2413 | D:2      | Noticed Terence
  2426 | D:2      | Killed Terence
  2427 | D:2      | Gained mutation: You regenerate magic rapidly. [demonic
                  | ancestry]
  2427 | D:2      | Reached XP level 5. HP: 19/42 MP: 5/7
  3253 | D:3      | Slain by an orc

Illustrated notes

Levels and vault maps discovered:
D:1:      heliophobic_arrival_enchanted_forest, layout_loops_ring
D:2:      layout_basic, hellmonk_ecumenical_altar_watching_god, serial_shops,
          shop, uniq_natasha, uniq_terence
D:3:      layout_loops_cross, columned_hall_lemuel

Skill      XL: |  1  2  3  4 |
---------------+-------------+-----
Long Blades    | 2 3 |  3.4
Fighting       | 4 |  4.2
Throwing       | 1 |  1.0
Armour         | |  1.7
Dodging        | |  0.8
Stealth        | |  0.9
Invocations    | |  2.9

Action                   |  1- 3 |  4- 6 || total
-------------------------+-------+-------++-------
Melee: Falchion          |    84 |    47 ||   131
       Kick              |       |    14 ||    14
Throw: Dart              |    13 |     2 ||    15
Invok: Depart the Abyss  |     1 |       ||     1
Evoke: Wand              |       |     1 ||     1
  Use: Scroll            |     2 |     1 ||     3
       Potion            |       |     1 ||     1
 Stab: Invisible         |     1 |       ||     1
       Sleeping          |     1 |       ||     1
Armor: Leather armour    |    18 |    10 ||    28
Dodge: Dodged            |    53 |    21 ||    74

Table legend: (Time is in decaauts)
 A = Elapsed time spent in this place.
 B = Non-inter-level travel time spent in this place.
 C = Inter-level travel time spent in this place.
 D = Time resting spent in this place.
 E = Time spent auto-exploring this place.
 F = Levels seen in this place.
 G = Mean time per level.
                   A        B        C        D        E       F      G
               +--------+--------+--------+--------+--------+-----+--------+
         Total |   3274 |   3229 |     45 |    630 |   2214 |   4 |  818.5 |
       Dungeon |   3274 |   3229 |     45 |    630 |   2214 |   3 | 1091.3 |
         Abyss |      0 |      0 |      0 |      0 |      0 |   1 |    0.0 |
               +--------+--------+--------+--------+--------+-----+--------+

Top non-repeatable levels by time:
     D:2: 1733 daAuts
     D:1: 1388 daAuts
     D:3: 153 daAuts
